 Dungeon Crawl Stone Soup version 0.27-a0-1384-g1422d76b99 (webtiles) character file.

Game seed: 15501140725625514664

4617 wakim the Grappler (level 10, -5/96 HPs)
             Began as a Troll Berserker on June 30, 2021.
             Was an Elder of Trog.
             Slain by an orc warrior (17 damage)
             ... in a bailey.
             The game lasted 00:19:36 (6386 turns).

wakim the Grappler (Troll Berserker)                Turns: 6386, Time: 00:19:36

Health: -5/96      AC:  5    Str: 28    XL:     10   Next: 19%
Magic:  9/9        EV: 11    Int:  5    God:    Trog [****..]
Gold:   185        SH:  5    Dex:  9    Spells: 9/9 levels left

rFire    . . .     SeeInvis .     - Unarmed
rCold    . . .     Faith    .   (no shield)
rNeg     . . .     Spirit   .   c - +0 robe
rPois    .         Reflect  +   (helmet restricted)
rElec    .         Harm     .   h - +0 cloak
rCorr    .         Rampage  .   (gloves unavailable)
Will     ++...                  (boots unavailable)
Stlth    +.........             j - amulet of reflection
HPRegen  2.26/turn              g - ring of flight
MPRegen  0.11/turn              (no ring)

@: strong-willed (expiring), on berserk cooldown, flying, regenerating
(expiring), slowed, invisible, very slow
A: large, unfitting armour, claws 3, regeneration 1, shaggy fur 1, tough skin 1
a: Renounce Religion, Berserk, Trog's Hand, Brothers in Arms


You were in a bailey.
You worshipped Trog.
Trog was greatly pleased with you.
You visited 2 branches of the dungeon, and saw 9 of its levels.
You also visited: Bailey.

You collected 511 gold pieces.
You spent 326 gold pieces at shops.

Inventory:

Missiles
 a - 14 poisoned darts (quivered)
Armour
 c - a +0 robe (worn)
 d - a +0 tower shield
 h - a +0 cloak (worn)
Jewellery
 g - a ring of flight (left claw)
 j - an amulet of reflection (around neck)
Wands
 v - a wand of flame (13)
 x - a wand of charming (10)
Scrolls
 i - 2 scrolls of brand weapon
 R - 3 scrolls of magic mapping {!r}
 T - 2 scrolls of teleportation
 X - 2 scrolls of fog
Potions
 b - a potion of brilliance {unknown}
 f - a potion of experience {unknown}
 k - a potion of might {unknown}
 m - a potion of lignification {unknown}
 p - a potion of haste {unknown}
 q - a potion of attraction {unknown}
 C - 3 potions of berserk rage {!q}
 F - 12 potions of curing
 I - 4 potions of invisibility
 J - 2 potions of heal wounds


   Skills:
 - Level 5.0 Fighting
 - Level 4.0 Throwing
 - Level 4.0 Armour
 - Level 6.0 Dodging
 * Level 2.5 Shields
 * Level 8.7 Unarmed Combat
 - Level 4.0 Evocations


You had 9 spell levels left.
You didn't know any spells.
Your spell library was empty.

Dungeon Overview and Level Annotations

Branches:
Dungeon (8/15)             Temple (1/1) D:7          Bailey (1/1)
   Lair: D:8-11

Altars:
Ashenzari
Cheibriados
Dithmenos
Elyvilon
Fedhas
Gozag
Hepliaklqana
Kikubaaqudgha
Makhleb
Nemelex Xobeh
Okawaru
Qazlal
Ru
Sif Muna
Trog
Uskayaw
Vehumet
Wu Jian
Xom
Yredelemnul
Zin
The Shining One

Shops:
D:6 [   D:7 *

Annotations:
D:6 1 runed translucent door, Brandom's ghost, novice DsDe


Innate Abilities, Weirdness & Mutations

You are too large for most types of armour.
You have claws for hands.
Your natural rate of healing is unusually fast.
You are covered in fur. (AC +1)
You have tough skin. (AC +1)


Message History

The orc warrior hits you with a +0 halberd!
* * * LOW HITPOINT WARNING * * *
The orc warrior closely misses you. You block the orc's attack.
The orc warrior hits you from afar with a +0 spear!
* * * LOW HITPOINT WARNING * * *
You closely miss the orc warrior.
The orc warrior is almost dead.
You claw the orc warrior!
You kill the orc warrior!
Trog accepts your kill. The orc warrior closely misses you.
The orc barely misses you. You block the orc's attack.
You block the orc warrior's attack.
The orc warrior hits you but does no damage.
Unknown command.
The orc barely misses you. The orc warrior closely misses you.
The orc barely misses you. The orc misses you.
Things that are here:
a +0 war axe; an orc corpse You mangle the orc warrior!!
You kill the orc warrior!
Trog accepts your kill.
You completely miss the orc.
You are no longer berserk.
You are exhausted.
You feel yourself slow down. The orc closely misses you.
You block the orc's attack. The orc barely misses you.
You block the orc warrior's attack.
You closely miss the orc. Your claw misses the orc.
You block the orc warrior's attack. The orc hits you with a +0 war axe.
* * * LOW HITPOINT WARNING * * *
The orc barely misses you. The orc misses you.
The orc warrior hits you from afar with a +0 trident.
* * * LOW HITPOINT WARNING * * *
The orc warrior hits you from afar with a +0 spear.
* * * LOW HITPOINT WARNING * * *
You fade into invisibility!
You feel the effects of Trog's Hand fading.
The orc misses you. You block the orc's attack. x2
The orc warrior hits you from afar with a +0 trident!
You die...

#.......#
#.......#
#.......#
#.......#
#.......#
##.....##
##'''##
#.....#
#))@..#
#)o.o.#
#)ooo.#
#.....#
##'''##
.....#
.......#
#.......#
#.......#


You could see 2 orc warriors and 3 orcs.

Vanquished Creatures
  Pikel (D:4)
  Prince Ribbit (D:7)
  2 steam dragons
  7 orc warriors (Bailey)
  3 water moccasins
  3 sky beasts
  A necrophage (D:6)
  3 ice beasts
  A black bear (D:4)
  An ogre (D:7)
  3 centaurs
  3 phantoms
  A lemure (D:4)
  3 bullfrogs
  3 scorpions
  7 wights
  7 howler monkeys
  A hound (D:6)
  A jelly (D:8)
  2 orc priests
  A gnoll shaman (D:6)
  A bullfrog skeleton (D:5)
  Ijyb (D:2)
  A centaur skeleton (D:7)
  An orc wizard (D:5)
  A howler monkey zombie (D:6)
  9 gnolls
  7 adders
  3 white imps
  An adder zombie (D:5)
  A worm (D:5)
  A dart slug (D:4)
  31 orcs
  8 bats
  8 endoplasms
  13 goblins
  6 hobgoblins
  4 jackals (D:1)
  4 quokkas
  6 ball pythons
  5 frilled lizards
  5 kobolds
  6 rats
178 creatures vanquished.

Vanquished Creatures (collateral kills)
  6 orcs (Bailey)
6 creatures vanquished.

Vanquished Creatures (others)
  7 plants (D:7)
7 creatures vanquished.

Grand Total: 191 creatures vanquished

Notes
Turn   | Place    | Note
-------+----------+-------------------------------------------
     0 | D:1      | wakim the Troll Berserker began the quest for the Orb.
     0 | D:1      | Reached XP level 1. HP: 22/22 MP: 0/0
   115 | D:1      | Reached XP level 2. HP: 28/29 MP: 1/1
   321 | D:1      | Reached ** piety under Trog
   671 | D:1      | Found a faded altar of an unknown god.
   675 | D:1      | Reached XP level 3. HP: 32/36 MP: 2/2
   886 | D:2      | Reached skill level 4 in Unarmed Combat
  1055 | D:2      | Reached XP level 4. HP: 44/44 MP: 3/3
  1226 | D:2      | Noticed Ijyb
  1242 | D:2      | Killed Ijyb
  1448 | D:3      | Reached XP level 5. HP: 22/53 MP: 4/4
  1510 | D:3      | Reached *** piety under Trog
  1549 | D:3      | Noticed a centaur
  1551 | D:3      | Killed a centaur
  1552 | D:3      | Reached skill level 5 in Unarmed Combat
  1552 | D:3      | Reached XP level 6. HP: 53/61 MP: 5/5
  1989 | D:4      | Noticed Pikel
  2017 | D:4      | Killed Pikel
  2018 | D:4      | Reached skill level 6 in Unarmed Combat
  2018 | D:4      | Reached XP level 7. HP: 70/70 MP: 6/6
  2161 | D:4      | Reached skill level 7 in Unarmed Combat
  2403 | D:5      | Entered Level 5 of the Dungeon
  2597 | D:5      | Reached XP level 8. HP: 74/79 MP: 7/7
  3462 | D:6      | Reached skill level 8 in Unarmed Combat
  3476 | D:6      | Reached skill level 5 in Fighting
  3476 | D:6      | Reached skill level 5 in Dodging
  3616 | D:6      | Found Acwomimp's Antique Armour Shop.
  3623 | D:6      | Found a runed translucent door.
  3627 | D:6      | Found a shimmering altar of Xom.
  3627 | D:6      | Noticed Brandom's ghost (novice DsDe)
  3627 | D:6      | Noticed a +3 trident of chaos
  3630 | D:6      | Bought a cloak for 94 gold pieces
  4379 | D:7      | Found an iron altar of Okawaru.
  4435 | D:7      | Noticed Prince Ribbit
  4603 | D:7      | Killed Prince Ribbit
  4604 | D:7      | Reached XP level 9. HP: 58/88 MP: 8/8
  4637 | D:7      | Found a staircase to the Ecumenical Temple.
  4656 | Temple   | Entered the Ecumenical Temple
  4744 | D:7      | Reached skill level 1 in Armour
  4747 | D:7      | Reached skill level 1 in Evocations
  4858 | D:7      | Found Geneq's Assorted Antiques.
  4863 | D:7      | Bought 2 scrolls labelled OBLAV SUAJUDE for 58 gold pieces
  4863 | D:7      | Bought a scroll labelled HIODEWYUGY for 29 gold pieces
  4863 | D:7      | Bought a scroll labelled ZUGOXZ IZU RIS for 29 gold pieces
  4863 | D:7      | Bought a scroll labelled JOTYNWACIN for 29 gold pieces
  4863 | D:7      | Bought a scroll labelled OBLAV SUAJUDE for 29 gold pieces
  4863 | D:7      | Bought a scroll of identify for 58 gold pieces
  5841 | D:8      | Reached **** piety under Trog
  5921 | D:8      | Reached skill level 1 in Shields
  5947 | D:8      | Reached XP level 10. HP: 94/96 MP: 9/9
  6071 | D:8      | Found a flagged portal.
  6100 | Bailey   | Entered a bailey
  6386 | Bailey   | Slain by an orc warrior

Illustrated notes

Levels and vault maps discovered:
D:1:      scummos_arrival_simple_crosswalls, layout_loops_ring,
          hellmonk_ecumenical_altar_slurped_away
D:2:      kennysheep_the_goblin_king, layout_loops_ring, minmay_tetromino_o2
D:3:      layout_basic
D:4:      layout_rooms, uniq_pikel
D:5:      layout_loops_ring, minivault_24
D:6:      layout_basic, ebering_ghost_xom, serial_shops, nicolae_shop_crystal,
          nrook_mini_backslash
D:7:      layout_basic, old_standard_altar, minmay_temple_entry_gardened_gates,
          serial_shops, nicolae_shop_trees, hangedman_decor_clover_reticule,
          minmay_fractal_squares_gapless_5, uniq_prince_ribbit1
D:8:      layout_basic, enter_bailey_5, minivault_27, dk_noncrumbling_4,
          kennysheep_big_empty_room
Temple:   compressed_dpeg_circular_temple
Bailey:   bailey_polearm_5, bailey

Skill      XL: |  1  2  3  4  5  6  7  8  9 10 |
---------------+-------------------------------+-----
Unarmed Combat | 4 5 6 7 8 |  8.7
Fighting       | 3 4 5 |  5.0
Dodging        | 3 4 6 |  6.0
Throwing       | 3 4 |  4.0
Armour         | 4 |  4.0
Evocations     | 4 |  4.0
Shields        | 1 2 |  2.5

Action                   |  1- 3 |  4- 6 |  7- 9 | 10-12 || total
-------------------------+-------+-------+-------+-------++-------
Melee: Unarmed           |    92 |   118 |   279 |    61 ||   550
       Punch             |       |     2 |    10 |       ||    12
Throw: Dart              |       |       |       |     4 ||     4
Invok: Trog's Hand       |       |     1 |     4 |     4 ||     9
       Berserk           |       |     1 |     3 |     2 ||     6
       Brothers in Arms  |       |       |       |     1 ||     1
  Use: Scroll            |       |       |    13 |     2 ||    15
       Potion            |       |       |     1 |     1 ||     2
 Stab: Sleeping          |     1 |       |       |       ||     1
Armor: Animal skin       |    19 |    31 |       |       ||    50
       Robe              |       |       |    50 |    21 ||    71
Dodge: Dodged            |    49 |    41 |   118 |   111 ||   319
Block: Other             |       |    31 |    71 |    48 ||   150
       Reflection        |       |     3 |     3 |       ||     6

Table legend: (Time is in decaauts)
 A = Elapsed time spent in this place.
 B = Non-inter-level travel time spent in this place.
 C = Inter-level travel time spent in this place.
 D = Time resting spent in this place.
 E = Time spent auto-exploring this place.
 F = Levels seen in this place.
 G = Mean time per level.
                   A        B        C        D        E       F      G
               +--------+--------+--------+--------+--------+-----+--------+
         Total |   6353 |   6093 |    260 |     74 |   4716 |  10 |  635.3 |
       Dungeon |   5988 |   5728 |    260 |     40 |   4508 |   8 |  748.5 |
        Temple |     81 |     81 |      0 |      0 |     72 |   1 |   81.0 |
        Bailey |    283 |    283 |      0 |     34 |    136 |   1 |  283.0 |
               +--------+--------+--------+--------+--------+-----+--------+

Top non-repeatable levels by time:
     D:7: 1325 daAuts
     D:6: 1185 daAuts
     D:1: 725 daAuts
     D:5: 651 daAuts
     D:2: 640 daAuts
     D:3: 549 daAuts
     D:4: 470 daAuts
     D:8: 440 daAuts
  Bailey: 283 daAuts
  Temple: 81 daAuts
